 Dungeon Crawl Stone Soup version 0.29-a0-369-gd956c00756 (webtiles) character file.

Game seed: 17658126827145046723

168 timneilson the Covered (level 5, -7/33 HPs)
             Began as a Gargoyle Fighter on May 2, 2022.
             Mangled by an iguana (9 damage)
             ... on level 4 of the Dungeon.
             The game lasted 00:09:09 (3223 turns).

timneilson the Covered (Gargoyle Fighter)           Turns: 3223, Time: 00:09:09

Health: -7/33      AC: 14    Str: 22    XL:     5   Next: 49%
Magic:  5/5        EV:  7    Int:  8    God:
Gold:   190        SH:  4    Dex:  9    Spells: 4/4 levels left

rFire   + . .      SeeInvis .   a - +0 long sword (freeze)
rCold   + . .      Faith    .   c - +0 buckler
rNeg    + + .      Spirit   .   i - +0 chain mail
rPois   ∞          Reflect  .   (no helmet)
rElec   +          Harm     .   e - scarf {rC+ rF+}
rCorr   .          Rampage  .   (no gloves)
Will    .....                   b - +0 pair of boots
Stlth   ..........              (no amulet)
HPRegen 0.11/turn               g - ring of positive energy
MPRegen 0.09/turn               (no ring)

@: no status effects
A: sickness immunity, AC +4, negative energy resistance 1, electricity
resistance, torment resistance 1, petrification resistance
a: no special abilities


You were on level 4 of the Dungeon.
You visited 1 branch of the dungeon, and saw 4 of its levels.

You collected 190 gold pieces.

Inventory:

Hand Weapons
 a - a +0 long sword of freezing (weapon)
Armour
 b - a +0 pair of boots (worn)
 c - a +0 buckler (worn)
 e - a scarf of resistance (worn)
 i - a +0 chain mail (worn)
Jewellery
 g - a ring of positive energy (left hand)
 o - a ring of wizardry
Wands
 l - a wand of acid (14)
Scrolls
 j - a scroll of amnesia
 k - 3 scrolls of teleportation
Potions
 d - a potion of might
 f - 2 potions of attraction {unknown}
 h - a potion of brilliance {unknown}
 p - a potion of curing {unknown}


   Skills:
 + Level 3.7 Fighting
 * Level 3.0 Long Blades
 * Level 4.4 Armour
 + Level 1.0 Dodging
 * Level 4.2 Shields
 + Level 0.2 Evocations


You had 4 spell levels left.
You didn't know any spells.
Your spell library was empty.

Dungeon Overview and Level Annotations

Branches:
Dungeon (4/15)
 Temple: D:4-7

Altars:

Shops:
D:1 :!=


Innate Abilities, Weirdness & Mutations

You are immune to sickness and miasma.
Your stone body is resilient. (AC +4)
You are immune to poison.
You resist negative energy. (rN+)
You are resistant to electric shocks. (rElec)
You are resistant to unholy torment.
You are immune to petrification.


Message History

The iguana bites you but does no damage.
You barely miss the iguana.
The iguana is severely wounded.
The iguana bites you.
You barely miss the iguana.
The iguana is severely wounded.
You block the iguana's attack.
You closely miss the iguana.
The iguana is severely wounded.
The iguana bites you but does no damage.
You block the iguana's attack.
You hit the iguana but do no damage.
The iguana is severely wounded.
The iguana bites you.
You hit the iguana but do no damage.
The iguana is severely wounded.
The iguana barely misses you.
You closely miss the iguana.
The iguana is severely wounded.
The iguana bites you.
You barely miss the iguana.
The iguana is severely wounded.
The iguana bites you.
* * * LOW HITPOINT WARNING * * *
The iguana bites you but does no damage.
You hit the iguana but do no damage.
The iguana is severely wounded.
The iguana bites you.
* * * LOW HITPOINT WARNING * * *
You barely miss the iguana.
The iguana is severely wounded.
The iguana bites you but does no damage.
You closely miss the iguana.
The iguana is severely wounded.
The iguana barely misses you. The iguana bites you!
* * * LOW HITPOINT WARNING * * *
You hit the iguana but do no damage.
The iguana is severely wounded.
The iguana bites you!
You die...

...# ###.##.# #..#
##...##.# #..#
###..####.#
..####...#.....#
#.#....###.....# .
#.#.#### #.....#
...####...######.....#
(....................##
#......@##..####......##
......#l###..# #........
........# ##.# #........
........# #.# #####....
......... #.##### #....
......... #...... #)...
.....#... ##..... #....
###.#.#.. ....... #....
#.....##....


You could see an iguana.

Vanquished Creatures
  A hound (D:3)
  6 adders
  A dart slug (D:1)
  7 orcs
  3 ball pythons (D:1)
  7 endoplasms
  7 giant cockroaches
  8 hobgoblins
  3 jackals (D:2)
  4 quokkas
  6 bats
  5 goblins
  5 kobolds
  8 rats
71 creatures vanquished.

Notes
Turn   | Place    | Note
-------+----------+-------------------------------------------
     0 | D:1      | timneilson the Gargoyle Fighter began the quest for the
                  | Orb.
     0 | D:1      | Reached XP level 1. HP: 14/14 MP: 1/1
    61 | D:1      | Found Ishamuoc's Book Shoppe.
   144 | D:1      | Reached XP level 2. HP: 19/19 MP: 2/2
   187 | D:1      | Found Ysoim's Distillery.
   380 | D:1      | Found Doudghio's Jewellery Shop.
   788 | D:2      | Reached XP level 3. HP: 23/23 MP: 3/3
  1366 | D:2      | Reached XP level 4. HP: 28/28 MP: 4/4
  2278 | D:3      | Reached XP level 5. HP: 30/33 MP: 5/5
  2407 | D:3      | Reached skill level 1 in Dodging
  3223 | D:4      | Mangled by an iguana

Illustrated notes

Levels and vault maps discovered:
D:1:      tarquinn_simple_flora_water_a, layout_rooms, serial_shops, shop,
          nicolae_shop_crystal, nicolae_shop_crystal, fountainhead,
          solitary_fountain
D:2:      layout_basic, minivault_23
D:3:      layout_loops_ring
D:4:      layout_rooms, elyvilon_altar_5

Skill      XL: |  1  2  3  4  5 |
---------------+----------------+-----
Long Blades    | 2 3 |  3.0
Armour         | 4 |  4.4
Shields        | 4 |  4.2
Dodging        | 1 |  1.0
Fighting       | |  3.7
Evocations     | |  0.2

Action                   |  1- 3 |  4- 6 || total
-------------------------+-------+-------++-------
Melee: Long sword        |   137 |   182 ||   319
  Use: Scroll            |     3 |     3 ||     6
Armor: Scale mail        |    81 |       ||    81
       Chain mail        |       |   111 ||   111
Dodge: Dodged            |    64 |    59 ||   123
Block: Buckler           |    31 |    39 ||    70

Table legend: (Time is in decaauts)
 A = Elapsed time spent in this place.
 B = Non-inter-level travel time spent in this place.
 C = Inter-level travel time spent in this place.
 D = Time resting spent in this place.
 E = Time spent auto-exploring this place.
 F = Levels seen in this place.
 G = Mean time per level.
                   A        B        C        D        E       F      G
               +--------+--------+--------+--------+--------+-----+--------+
         Total |   3321 |   3229 |     92 |     19 |   2410 |   4 |  830.2 |
       Dungeon |   3321 |   3229 |     92 |     19 |   2410 |   4 |  830.2 |
               +--------+--------+--------+--------+--------+-----+--------+

Top non-repeatable levels by time:
     D:2: 1452 daAuts
     D:3: 905 daAuts
     D:1: 801 daAuts
     D:4: 161 daAuts
